 Dungeon Crawl Stone Soup version 0.20.1-1-g8b1a95d (webtiles) character file.

103 Linguinho the Sneak (level 4, -2/33 HPs)
             Began as a Demonspawn Assassin on Oct 30, 2017.
             Slain by a gnoll (6 damage)
             ... on level 3 of the Dungeon.
             The game lasted 00:04:21 (1915 turns).

Linguinho the Sneak (Demonspawn Assassin)           Turns: 1915, Time: 00:04:22

Health: -2/33      AC:  9    Str: 12    XL:     4   Next: 51%
Magic:  4/4        EV:  9    Int: 13    God:
Gold:   135        SH:  0    Dex: 14    Spells: 3/3 levels left

rFire    . . .     SeeInvis .   a - +2 dagger
rCold    . . .     Gourm    .   (no shield)
rNeg     . . .     Faith    .   r - +0 scale mail
rPois    .         Spirit   .   (no helmet)
rElec    .         Reflect  .   d - +0 cloak
rCorr    .         Harm     .   m - +0 pair of gloves
MR       .....                  o - +0 pair of boots
Stlth    +.........             (no amulet)
Regen    0.2/turn               (no ring)
MPRegen  0.1/turn               (no ring)

@: no status effects
A: claws 1, rot immunity
a: no special abilities


You were on level 3 of the Dungeon.
You were not hungry.

You visited 1 branch of the dungeon, and saw 4 of its levels.

You collected 135 gold pieces.

Inventory:

Hand Weapons
 a - a +2 dagger (weapon)
 b - a +0 blowgun
Missiles
 e - 25 poisoned needles
 f - 2 curare-tipped needles
Armour
 c - a +0 robe
 d - a +0 cloak (worn)
 m - a +0 pair of gloves (worn)
 o - a +0 pair of boots (worn)
 r - a +0 scale mail (worn)
Jewellery
 p - a +5 ring of slaying {unknown}
Scrolls
 h - 2 scrolls of identify {unknown}
 i - 2 scrolls of recharging {unknown}
 k - a scroll of teleportation {unknown}
 q - a scroll of noise {unknown}
 s - a scroll of immolation {unknown}
 u - a scroll of amnesia {unknown}
Potions
 j - a potion of flight {unknown}
 l - a potion of lignification {unknown}
 n - a potion of curing {unknown}
Books
 t - a book of Geomancy

   Spells                             Type                      Level
   a - Sandblast                      Earth                        1
   b - Passwall                       Transmutation/Earth          2
   c - Stone Arrow                    Conjuration/Earth            3
   d - Petrify                        Transmutation/Earth          4
   e - Lee's Rapid Deconstruction     Earth                        5
Comestibles
 g - 2 bread rations
 v - a royal jelly
 w - a chunk of flesh


   Skills:
 + Level 2.2 Fighting
 + Level 2.8 Short Blades
 - Level 1.7 Throwing
 * Level 1.1 Armour
 + Level 1.2 Dodging
 + Level 4.6 Stealth


You had 3 spell levels left.
You didn't know any spells.

Dungeon Overview and Level Annotations

Branches:
Dungeon (4/15)
 Temple: D:4-7

Altars:

Annotations:
D:4 Dowan, Duvessa


Innate Abilities, Weirdness & Mutations

You have sharp fingernails.
You are immune to rotting.


Message History

You hit the gnoll.
The gnoll is heavily wounded.
The gnoll hits you.
* * * LOW HITPOINT WARNING * * *
Your scale mail prevents you from hitting the gnoll.
The gnoll is heavily wounded.
The gnoll hits you but does no damage.
You hit the gnoll but do no damage.
The gnoll is heavily wounded.
The gnoll hits you but does no damage.
You barely miss the gnoll.
The gnoll is heavily wounded.
The gnoll hits you.
* * * LOW HITPOINT WARNING * * *
You closely miss the gnoll.
The gnoll is heavily wounded.
You hit the gnoll.
The gnoll is severely wounded.
The gnoll hits you.
You die...

#+# #.# #.# ##.##
##...##########.#
#.....#...@g....#
##...##.#########
##.#.....#
.######.#.....#
..............#
######.#.....#
#.#.....#
########.#######
#........#


You could see a gnoll.

Vanquished Creatures
  3 gnolls (D:3)
  An adder (D:2)
  An ooze (D:1)
  A leopard gecko (D:3)
  An orc (D:4)
  4 giant cockroaches (D:1)
  9 goblins
  8 hobgoblins
  4 jackals (D:1)
  6 kobolds
  4 bats
  6 frilled lizards
  8 rats
56 creatures vanquished.

Notes
Turn   | Place    | Note
-------+----------+-------------------------------------------
     0 | D:1      | Linguinho the Demonspawn Assassin began the quest for the Orb.
     0 | D:1      | Reached XP level 1. HP: 16/16 MP: 1/1
    49 | D:1      | Gained mutation: You have sharp fingernails. [demonic ancestry]
    49 | D:1      | Reached XP level 2. HP: 15/22 MP: 2/2
   166 | D:1      | Reached skill level 4 in Stealth
   492 | D:1      | Gained mutation: You are immune to rotting. [demonic ancestry]
   492 | D:1      | Reached XP level 3. HP: 18/27 MP: 3/3
   505 | D:1      | Reached skill level 1 in Dodging
  1251 | D:2      | Reached skill level 1 in Armour
  1437 | D:2      | Reached XP level 4. HP: 33/33 MP: 4/4
  1582 | D:2      | You fall through a shaft for 2 floors!
  1613 | D:4      | Noticed Duvessa
  1614 | D:4      | Noticed Dowan
  1915 | D:3      | Slain by a gnoll

Skill      XL: |  1  2  3 |
---------------+----------+-----
Short Blades   | 2 |  2.8
Stealth        | 4 |  4.6
Dodging        | 1 |  1.2
Armour         | 1 |  1.1
Fighting       | |  2.2
Throwing       | |  1.7

Action                   |  1- 3 |  4- 6 || total
-------------------------+-------+-------++-------
Melee: Dagger            |   155 |    51 ||   206
 Stab: Sleeping          |     9 |     1 ||    10
  Eat: Chunk             |     1 |     2 ||     3
Armor: Robe              |    66 |       ||    66
       Scale mail        |       |    16 ||    16
Dodge: Dodged            |    94 |    16 ||   110
